 Dungeon Crawl Stone Soup version 0.28-a0-21-gf74fda84f9 (webtiles) character file.

Game seed: 11918095674029388797

7 arson the Skirmisher (level 1, 0/18 HPs)
             Began as a Demonspawn Berserker on July 27, 2021.
             Was a Follower of Trog.
             Slain by a jackal (1 damage)
             ... on level 1 of the Dungeon.
             The game lasted 00:00:38 (461 turns).

arson the Skirmisher (Demonspawn Berserker)          Turns: 461, Time: 00:00:39

Health: 0/18       AC:  2    Str: 17    XL:     1   Next: 83%
Magic:  1/1        EV: 12    Int:  8    God:    Trog [*.....]
Gold:   7          SH:  0    Dex: 12    Spells: 0/0 levels left

rFire   . . .      SeeInvis .   a - +0 hand axe
rCold   . . .      Faith    .   (no shield)
rNeg    . . .      Spirit   .   b - +0 animal skin
rPois   .          Reflect  .   (no helmet)
rElec   .          Harm     .   (no cloak)
rCorr   .          Rampage  .   (no gloves)
Will    .....                   (no boots)
Stlth   +.........              (no amulet)
HPRegen 0.06/turn               (no ring)
MPRegen 0.07/turn               (no ring)

@: no status effects
A: no striking features
a: Renounce Religion, Berserk


You were on level 1 of the Dungeon.
You worshipped Trog.
Trog was aware of your devotion.
You visited 1 branch of the dungeon, and saw 1 of its levels.

You collected 7 gold pieces.

Inventory:

Hand Weapons
 a - a +0 hand axe (weapon)
Armour
 b - a +0 animal skin (worn)
Scrolls
 c - a scroll of identify {unknown}


   Skills:
 + Level 3.1 Fighting
 * Level 3.0 Axes
 - Level 1.7 Armour
 - Level 1.7 Dodging


You couldn't memorise any spells.
You didn't know any spells.
Your spell library was empty.

Dungeon Overview and Level Annotations

Branches:
Dungeon (1/15)

Altars:


Message History

Found a great sword.
There is an open door here.
You see here a +0 great sword.
There is an open door here.
You see here a +0 short sword.
Found 15 arrows.
You open the door. 2 jackals, a hobgoblin and a kobold come into view.
The hobgoblin shouts!
The jackal barks!
Found a scroll labelled CEACAA WEGHU.
A kobold comes into view. It is wielding a +0 whip.
The kobold shouts!
The jackal bites you but does no damage.
There is an open door here.
You closely miss the kobold. You hit the jackal but do no damage.
The jackal bites you. The kobold hits you with a +0 whip.
You closely miss the kobold. You barely miss the hobgoblin.
You barely miss the jackal. The jackal barely misses you.
The hobgoblin hits you. The kobold closely misses you. The jackal misses you.
The hobgoblin closely misses you. The kobold hits you with a +0 whip.
The jackal misses you.
You fail to use your ability.
The jackal bites you.
* * * LOW HITPOINT WARNING * * *
You slash the jackal!
You kill the jackal!
Trog accepts your kill.
Your Axes skill increases to level 3!
You hit the hobgoblin.
The hobgoblin is severely wounded.
The hobgoblin hits you.
* * * LOW HITPOINT WARNING * * *
You hit the hobgoblin.
You kill the hobgoblin!
Trog accepts your kill. The jackal bites you.
* * * LOW HITPOINT WARNING * * *
You barely miss the jackal.
The jackal bites you but does no damage.
The jackal bites you.
You die...

##.## ########...##
............##
#####.......########
##...............#
#.........######.#
##.......## #.#
##.#.(.## #.# #@##.##
##.## #h#### #...# #K#
#...# #.K.# #...#
#.....# ###...#
#.......# ##.#.#.#
#.........####....#.##
+.........+...........
#......?..####..[.####


You could see a jackal and 2 kobolds.

Vanquished Creatures
  A goblin (D:1)
  2 hobgoblins (D:1)
  A jackal (D:1)
  A kobold (D:1)
5 creatures vanquished.

Notes
Turn   | Place    | Note
-------+----------+-------------------------------------------
     0 | D:1      | arson the Demonspawn Berserker began the quest for the Orb.
     0 | D:1      | Reached XP level 1. HP: 18/18 MP: 1/1
   461 | D:1      | Slain by a jackal

Illustrated notes

Levels and vault maps discovered:
D:1:      roderic_octagonal_star, layout_loops_corners,
          ebering_ecumenical_altar_webs, minmay_misc_feat_x, minmay_tetromino_s2

Skill      XL: |  1 |
---------------+----+-----
Axes           | 3 |  3.0
Fighting       | |  3.1
Armour         | |  1.7
Dodging        | |  1.7

Action                   || total
-------------------------++-------
Melee: Hand axe          ||    11
Armor: Animal skin       ||     3
Dodge: Dodged            ||     7

Table legend: (Time is in decaauts)
 A = Elapsed time spent in this place.
 B = Non-inter-level travel time spent in this place.
 C = Inter-level travel time spent in this place.
 D = Time resting spent in this place.
 E = Time spent auto-exploring this place.
 F = Levels seen in this place.
 G = Mean time per level.
                   A        B        C        D        E       F      G
               +--------+--------+--------+--------+--------+-----+--------+
         Total |    462 |    462 |      0 |      0 |    434 |   1 |  462.0 |
       Dungeon |    462 |    462 |      0 |      0 |    434 |   1 |  462.0 |
               +--------+--------+--------+--------+--------+-----+--------+

Top non-repeatable levels by time:
     D:1: 462 daAuts
